Map: Catalyst LE

Players

ShoWTimE - Winner!

  • Race: Protoss Protoss
  • League: Grandmaster
  • Spawn Location: 11:00

Nerchio

  • Race: Zerg Zerg
  • League: Grandmaster
  • Spawn Location: 5:00

Event: WESG Barcelona European Finals 2017

VOD

Have the link to the VOD?

Description

Time

  • Played on: Nov. 26, 2017, 10:07 a.m.
  • Length: 13:18

All games in this series

Show
View Real Time Build Order
Export as new Build Order

ShoWTimE Protoss - Winner!

Build Orders: 1 Gate Expand, Oracle Opening, Phoenix Opening 

Get SALT Encoding   

  12  0:00  Probe  
  13  0:12  Probe  
  14  0:18  Pylon  
  14  0:24  Probe  
  15  0:37  Probe (Chrono Boost)  
  15  0:38  Assimilator  
  16  0:47  Probe (Chrono Boost)  
  16  0:48  Gateway  
  17  0:52  Probe  
  18  1:04  Probe (Chrono Boost)  
  20  1:14  Probe (Chrono Boost)  
  20  1:25  Nexus  
  20  1:36  Cybernetics Core  
  20  1:38  Probe  
  21  1:45  Assimilator  
  21  1:50  Probe  
  22  1:55  Pylon  
  22  2:02  Probe  
  23  2:13  Adept (Chrono Boost)  
  23  2:15  Probe  
  26  2:18  Stargate  
  26  2:26  Warp Gate  
  26  2:27  Probe  
  27  2:30  Adept  
  29  2:39  Probe x2  
  31  2:51  Probe x2  
  33  2:59  Pylon  
  33  3:00  Adept  
  33  3:03  Oracle (Chrono Boost)  
  38  3:06  Probe  
  38  3:08  Probe  
  40  3:18  Probe  
  41  3:20  Probe  
  42  3:29  Phoenix (Chrono Boost)  
  42  3:30  Probe  
  42  3:32  Gateway, Probe  
  46  3:42  Probe  
  46  3:44  Probe  
  46  3:47  Gateway  
  48  3:48  Oracle (Chrono Boost)  
  48  3:54  Pylon, Probe  
  52  3:57  Probe  
  52  4:01  Assimilator  
  53  4:06  Assimilator, Probe  
  54  4:12  Probe  
  54  4:13  Pylon  
  55  4:18  Probe  
  55  4:24  Robotics Facility, Probe (Chrono Boost)  
  58  4:31  Pylon  
  58  4:35  Sentry  
  58  4:36  Probe (Chrono Boost)  
  61  4:39  Sentry  
  61  4:40  Probe (Chrono Boost)  
  61  4:41  Probe (Chrono Boost)  
  61  4:42  Probe  
  65  4:48  Pylon  
  65  4:51  Probe  
  66  4:54  Probe  
  67  5:03  Nexus, Probe  
  67  5:07  Pylon, Probe  
  69  5:11  Warp Prism (Chrono Boost), Shield Battery  
  71  5:14  Sentry  
  71  5:15  Probe  
  71  5:19  Probe  
  75  5:24  Twilight Council  
  75  5:26  Forge  
  75  5:27  Probe  
  76  5:31  Probe  
  77  5:39  Probe  
  78  5:43  Gateway, Probe  
  78  5:44  Gateway  
  78  5:49  Shield Battery, Observer  
  80  5:51  Probe  
  80  5:54  Robotics Bay  
  80  5:55  Probe  
  82  6:00  Protoss Ground Weapons Level 1 (Chrono Boost)  
  82  6:03  Probe  
  83  6:06  Blink (Chrono Boost)  
  83  6:07  Probe  
  84  6:14  Assimilator  
  84  6:15  Probe x2  
  86  6:19  Probe  
  86  6:20  Assimilator  
  86  6:21  Immortal (Chrono Boost)  
  91  6:27  Probe x2  
  91  6:31  Probe  
  94  6:39  Probe x2  
  96  6:43  Probe  
  96  6:46  Extended Thermal Lance  
  93  6:51  Gateway  
  93  6:54  Photon Cannon  
  99  6:55  Colossus (Chrono Boost)  
  99  6:58  Gateway, Shield Battery  
  99  7:00  Gateway  
  99  7:03  Pylon  
  99  7:10  Photon Cannon  
  99  7:11  Shield Battery  
  99  7:18  Shield Battery, Forge  
  99  7:29  Colossus (Chrono Boost)  
  105  7:34  Pylon  
  105  7:37  Stalker x4  
  113  7:47  Protoss Ground Weapons Level 2  
  113  7:48  Pylon  
  113  7:50  Pylon  
  113  7:51  Protoss Ground Armor Level 1  
  113  7:59  Zealot x4  
  113  8:04  Pylon  
  121  8:07  Charge (Chrono Boost)  
  121  8:08  Templar Archives, Nexus  
  121  8:12  Pylon  
  127  8:13  Immortal (Chrono Boost)  
  125  8:22  Zealot x6  
  125  8:25  Shield Battery  
  125  8:26  Shield Battery  
  137  8:33  Photon Cannon  
  137  8:35  Photon Cannon  
  137  8:36  Shield Battery, Probe x3  
  140  8:45  High Templar x7  
  154  8:49  High Templar  
  154  8:55  Archon x2  
  156  8:56  Archon x2  
  156  9:02  Pylon  
  156  9:03  Assimilator, Pylon  
  156  9:05  Assimilator  
  156  9:21  Pylon  
  154  9:25  Zealot x4  
  154  9:26  Zealot x3  
  154  9:30  Pylon  
  167  9:34  Zealot  
  169  9:43  Gateway  
  169  9:47  High Templar x3  
  169  9:49  High Templar, Zealot x2  
  181  9:53  Archon x2  
  181  9:57  Zealot  
  179  10:01  Colossus (Chrono Boost)  
  139  10:11  Zealot x2  
  139  10:13  Probe x3  
  139  10:14  Probe  
  124  10:17  Protoss Ground Weapons Level 3 (Chrono Boost)  
  120  10:27  High Templar x2, Gateway, Protoss Ground Armor Level 2 (Chrono Boost)  
  124  10:28  Zealot  
  124  10:29  Gateway  
  124  10:30  Gateway  
  124  10:34  Archon  
  126  10:38  Shield Battery  
  126  10:39  Photon Cannon  
  126  10:41  Shield Battery  
  126  10:42  Shield Battery  
  126  10:44  Shield Battery  
  126  10:45  Photon Cannon  
  126  10:46  Photon Cannon  
  126  10:48  Photon Cannon  
  130  10:55  Observer (Chrono Boost)  
  130  10:56  Stalker x3  
  133  11:05  Probe x2  
  133  11:07  High Templar x2  
  137  11:12  Archon  
  137  11:17  Shield Battery  
  133  11:18  Zealot  
  133  11:21  Shield Battery, Zealot x3  
  129  11:27  Immortal (Chrono Boost)  
  133  11:39  High Templar x4  
  141  11:41  High Templar x2, Zealot x3  
  141  11:44  Archon x2  
  141  11:45  Archon  
  151  11:50  Pylon  
  151  11:56  Immortal (Chrono Boost)  
  151  12:13  Zealot x4  
  151  12:14  Zealot x5  
  169  12:21  Pylon  
  173  12:25  Immortal (Chrono Boost)  
  169  12:37  High Templar x7  
  169  12:38  Zealot  
  169  12:41  High Templar  
  187  12:44  Nexus  
  187  12:45  Archon x3  
  187  12:46  Pylon  
  187  12:53  Photon Cannon  
  187  12:55  Photon Cannon, Observer (Chrono Boost)  
  187  12:56  Photon Cannon  
  187  12:57  Archon, Shield Battery  
  184  12:59  Shield Battery  
  184  13:00  Shield Battery  
  181  13:06  Zealot  
  181  13:09  Zealot x6  
  181  13:10  Zealot  
  193  13:15  Zealot  
Show
View Real Time Build Order
Export as new Build Order

Nerchio Zerg 

Build Orders: Hatch First, Lurkers 

Get SALT Encoding   

  12  0:00  Drone  
  13  0:12  Overlord  
  13  0:17  Drone  
  14  0:31  Drone x2  
  14  0:34  Drone  
  17  0:50  Drone  
  18  0:57  Hatchery  
  18  1:00  Extractor  
  18  1:03  Drone  
  17  1:15  Spawning Pool  
  16  1:19  Drone  
  16  1:22  Drone  
  18  1:28  Drone  
  19  1:38  Overlord  
  19  1:49  Drone  
  20  2:01  Queen, Metabolic Boost  
  22  2:09  Queen  
  22  2:10  Zergling x2  
  22  2:13  Zergling x2  
  26  2:17  Drone  
  26  2:21  Drone  
  28  2:23  Drone  
  29  2:31  Drone  
  30  2:43  Hatchery  
  29  2:46  Drone  
  29  2:49  Drone  
  31  2:53  Zergling x4  
  31  2:56  Zergling x2  
  34  3:03  Overlord  
  34  3:08  Queen  
  36  3:21  Overlord  
  36  3:22  Drone x2  
  36  3:23  Drone x3  
  41  3:28  Spore Crawler  
  41  3:29  Drone  
  41  3:33  Overlord  
  41  3:36  Drone  
  41  3:38  Drone  
  43  3:45  Queen  
  43  3:48  Drone  
  46  3:49  Drone  
  46  3:53  Drone x2  
  49  3:58  Spore Crawler, Drone  
  49  4:00  Drone  
  49  4:01  Drone  
  51  4:03  Drone  
  51  4:05  Drone  
  51  4:08  Overlord  
  53  4:14  Spore Crawler, Extractor  
  53  4:16  Drone x2  
  53  4:17  Drone  
  53  4:20  Overlord  
  55  4:25  Drone x3  
  55  4:29  Drone  
  59  4:32  Overlord  
  59  4:33  Overlord  
  59  4:35  Overlord  
  59  4:40  Drone x3  
  59  4:44  Lair  
  62  4:46  Drone  
  62  4:49  Drone  
  62  4:50  Drone x2  
  66  4:53  Drone  
  66  4:54  Spore Crawler, Drone  
  66  4:58  Drone x3  
  65  5:00  Drone  
  65  5:02  Drone  
  65  5:05  Drone x2  
  65  5:06  Drone  
  70  5:10  Overlord  
  70  5:14  Extractor  
  70  5:15  Extractor  
  68  5:22  Extractor  
  68  5:23  Drone x3  
  68  5:24  Drone  
  68  5:26  Overlord, Hatchery  
  70  5:29  Drone x2  
  70  5:30  Drone x2  
  70  5:31  Drone  
  70  5:34  Drone x3  
  78  5:37  Extractor  
  78  5:39  Evolution Chamber, Drone  
  78  5:40  Drone  
  78  5:41  Drone  
  79  5:46  Hydralisk Den  
  79  5:48  Overlord  
  78  5:50  Extractor  
  78  5:52  Drone x3  
  78  5:53  Overlord  
  80  5:59  Overlord  
  80  6:04  Zerg Missile Weapons Level 1  
  80  6:14  Hydralisk  
  80  6:15  Hydralisk x6  
  94  6:23  Hydralisk  
  94  6:24  Hydralisk x3  
  98  6:30  Drone  
  98  6:31  Drone x4  
  100  6:34  Drone x2  
  100  6:38  Drone x2  
  100  6:39  Drone  
  102  6:41  Drone  
  102  6:44  Drone  
  103  6:47  Lurker Den  
  103  6:52  Drone x2  
  103  6:53  Drone x3  
  107  6:55  Drone  
  107  6:56  Drone  
  107  6:58  Drone  
  107  7:00  Overlord  
  110  7:02  Drone  
  110  7:03  Drone  
  110  7:06  Extractor, Drone x2  
  110  7:07  Drone  
  114  7:09  Extractor, Drone  
  114  7:11  Hydralisk  
  116  7:16  Hydralisk x2  
  116  7:17  Hydralisk  
  116  7:20  Hydralisk  
  123  7:23  Hydralisk  
  123  7:27  Hydralisk x2  
  125  7:31  Hydralisk  
  125  7:34  Hydralisk x2  
  125  7:36  Hydralisk  
  133  7:39  Overlord  
  133  7:45  Evolution Chamber  
  133  7:46  Muscular Augments  
  133  7:49  Overlord  
  132  7:51  Overlord  
  132  7:52  Overlord  
  132  7:57  Overlord  
  132  7:58  Overseer  
  132  7:59  Zerg Missile Weapons Level 2  
  132  8:00  Drone x2  
  132  8:01  Hydralisk  
  132  8:05  Overlord  
  136  8:12  Zerg Melee Weapons Level 1  
  136  8:14  Lurker x5  
  136  8:15  Lurker x2  
  136  8:18  Lurker  
  144  8:20  Hydralisk  
  144  8:22  Hydralisk  
  148  8:27  Hydralisk x2  
  148  8:32  Zergling x2  
  148  8:33  Zergling x18  
  162  8:35  Overlord  
  162  8:37  Hydralisk x2  
  166  8:43  Hydralisk x3  
  166  8:46  Pneumatized Carapace  
  172  8:51  Hydralisk x3  
  178  8:57  Hydralisk  
  178  8:58  Hydralisk x2  
  184  9:08  Hydralisk x3  
  190  9:12  Hydralisk  
  190  9:14  Zergling x6  
  191  9:20  Hydralisk  
  191  9:21  Hydralisk  
  187  9:24  Hydralisk x2  
  187  9:28  Lurker  
  192  9:35  Overlord x3  
  192  9:38  Overlord  
  191  9:55  Zergling x2  
  191  9:56  Zergling x16  
  191  9:57  Hydralisk x3  
  192  10:04  Hydralisk x2  
  156  10:07  Hydralisk  
  156  10:10  Hydralisk  
  156  10:13  Hydralisk  
  121  10:16  Hydralisk  
  121  10:20  Hydralisk x2  
  125  10:24  Zerg Melee Weapons Level 2  
  125  10:25  Hydralisk  
  125  10:27  Lurker x5  
  125  10:28  Hydralisk x2, Infestation Pit  
  131  10:29  Hydralisk  
  131  10:34  Hydralisk  
  139  10:36  Hydralisk  
  139  10:38  Overseer, Hatchery  
  139  10:39  Hydralisk  
  139  10:41  Hydralisk  
  144  10:46  Hydralisk  
  146  10:50  Hydralisk x2  
  146  10:54  Hydralisk x2  
  154  11:00  Hydralisk x3  
  154  11:04  Hydralisk x2  
  157  11:08  Hydralisk x2  
  160  11:12  Hydralisk  
  124  11:36  Hive  
  124  11:39  Lurker  
  128  11:40  Lurker x3  
  128  11:41  Zergling x2  
  128  11:42  Extractor, Zergling x30  
  128  11:43  Hydralisk  
  128  11:44  Extractor  
  144  11:52  Lurker x3  
  147  11:58  Spore Crawler  
  146  12:02  Hydralisk x4  
  151  12:14  Hydralisk x5  
  157  12:16  Spore Crawler x2  
  157  12:17  Zergling x4  
  157  12:20  Hydralisk  
  159  12:23  Zergling x6  
  159  12:28  Hydralisk  
  159  12:29  Hydralisk  
  161  12:32  Hydralisk x2  
  158  12:37  Drone x2  
  158  12:38  Drone  
  161  12:52  Hydralisk x4  
  161  12:54  Hydralisk x3, Ultralisk Cavern  
  166  12:59  Lurker x4  
Tags
 
Add a new tag
Caveats
  • Supply blocks, unpowered buildings, or Contaminate may cause inaccurate times.
  • Supply counts are checked every 10 seconds.